 Seeded DCSS version 0.27.0-65-ge2af304b15 (webtiles) character file.

Game seed: 2339979216251921566 (custom seed)

632 nicksoapdish the Chopper (level 7, -4/44 HPs)
             Began as a Gargoyle Fighter on Aug 18, 2021.
             Was an Initiate of Qazlal.
             Slain by an ogre (25 damage)
             ... on level 5 of the Dungeon.
             The game lasted 00:08:26 (3713 turns).

nicksoapdish the Chopper (Gargoyle Fighter)         Turns: 3713, Time: 00:08:27

Health: -4/44      AC: 10    Str: 21    XL:     7   Next: 49%
Magic:  7/7        EV: 13    Int:  9    God:    Qazlal [......]
Gold:   206        SH: 12    Dex:  9    Spells: 6/6 levels left

rFire    + + .     SeeInvis .   a - +0 war axe
rCold    + + .     Faith    .   q - +2 shield of Resistance {rF++ rC++ Will++}
rNeg     + . .     Spirit   .   l - +1 leather armour {Will+}
rPois    ∞         Reflect  .   (no helmet)
rElec    +         Harm     .   (no cloak)
rCorr    .         Rampage  .   (no gloves)
Will     +++..                  e - +0 pair of boots
Stlth    +.........             j - amulet of regeneration
HPRegen  1.14/turn              r - +4 ring of evasion
MPRegen  0.10/turn              (no ring)

@: no status effects
A: sickness immunity, AC +4, negative energy resistance 1, electricity
resistance, torment resistance 1, petrification resistance
a: Renounce Religion


You were on level 5 of the Dungeon.
You worshipped Qazlal.
Qazlal was noncommittal.
You visited 2 branches of the dungeon, and saw 6 of its levels.

You collected 206 gold pieces.

Inventory:

Hand Weapons
 a - a +0 war axe (weapon)
 b - a +2 vorpal hunting sling
Missiles
 p - 48 stones (quivered)
Armour
 e - a +0 pair of boots (worn)
 l - a +1 leather armour of willpower (worn)
 o - a +0 scale mail
 q - the +2 shield of Resistance (worn) {rF++ rC++ Will++}
   (You found it on level 4 of the Dungeon)

   rF:        It greatly protects you from fire.
   rC:        It greatly protects you from cold.
   Will:      It greatly increases your willpower.
Jewellery
 j - an amulet of regeneration (around neck)
 r - a +4 ring of evasion (left hand)
 t - an amulet of the acrobat
Scrolls
 c - a scroll of magic mapping
 f - 2 scrolls of teleportation
 g - a scroll of vulnerability {unknown}
 h - a scroll of blinking {unknown}
 i - a scroll of noise
 m - a scroll of enchant weapon {unknown}
 s - a scroll of torment {unknown}
 u - a scroll of immolation {unknown}
Potions
 k - a potion of berserk rage {unknown}
 n - a potion of cancellation
 v - a potion of curing {unknown}


   Skills:
 + Level 4.7 Fighting
 + Level 5.4 Axes
 + Level 4.0 Armour
 + Level 5.3 Shields


You had 6 spell levels left.
You didn't know any spells.
Your spell library contained the following spells:

 Spells                   Type           Power      Damage    Failure   Level
 Animate Skeleton         Necr           0%         N/A       86%         1
 Pain                     Necr           0%         1d4       86%         1
 Vampiric Draining        Necr           0%         2d6       99%         3
 Animate Dead             Necr           0%         N/A       100%        4
 Petrify                  Tmut/Erth      0%         N/A       100%        4
 Borgnjor's Vile Clutch   Necr/Erth      0%         N/A       100%        5
 Metabolic Englaciation   Hex/Ice        0%         N/A       100%        5
 Death Channel            Necr           0%         N/A       100%        6
 Statue Form              Tmut/Erth      Unusable   N/A       N/A         6

Dungeon Overview and Level Annotations

Branches:
Dungeon (5/15)             Temple (1/1) D:5

Altars:
Cheibriados
Elyvilon
Gozag
Nemelex Xobeh
Qazlal
The Shining One


Innate Abilities, Weirdness & Mutations

You are immune to sickness and miasma.
Your stone body is resilient. (AC +4)
You are immune to poison.
You resist negative energy. (rN+)
You are resistant to electric shocks. (rElec)
You are resistant to unholy torment.
You are immune to petrification.


Message History

You see here a jackal corpse.
You now have 206 gold pieces (gained 11).
You open the door.
An ogre comes into view. It is wielding a +0 giant club.
There is an open door here.
Press: ? - help, v - describe, . - travel
Here: an ogre, wielding a +0 giant club The floor.
You hit the ogre.
The ogre is lightly wounded.
You block the ogre's attack.
You hit the ogre.
The ogre is moderately wounded.
You block the ogre's attack.
You slash the ogre!
The ogre is heavily wounded.
You block the ogre's attack.
You barely miss the ogre.
The ogre is heavily wounded.
The ogre closely misses you.
You barely miss the ogre.
The ogre is heavily wounded.
You block the ogre's attack.
You barely miss the ogre.
The ogre is heavily wounded.
The ogre barely misses you.
You hit the ogre.
The ogre is severely wounded.
The ogre hits you with a +0 giant club! x2
You hit the ogre but do no damage.
The ogre is severely wounded.
You block the ogre's attack.
You hit the ogre.
The ogre is severely wounded.
You block the ogre's attack.
You hit the ogre but do no damage.
The ogre is severely wounded.
The ogre hits you with a +0 giant club!!
Ouch! That really hurt!
You die...

....##..##..##...#
.....#...†..#....#
.....#......#....##
.....#......#.....+
#####..##..##...#
##..##..##...##
.........#....#..
.........'...##...
..........#.O@#
...#######
##..##..##....+.........#
### #..####+##.........##
....# ..........+ ......
..........# ....# .......
.......<..# .)..##......
#...# ..###....## ##
...... ....#...#
..###....##... ....#
#..##...# ..............


You could see an ogre.

Vanquished Creatures
  A water moccasin (D:5)
  A black bear (D:5)
  An ice beast (D:5)
  A water moccasin skeleton (D:5)
  2 orc priests (D:5)
  An iguana (D:5)
  An orc wizard (D:5)
  A howler monkey zombie (D:5)
  4 adders
  3 gnolls (D:3)
  A white imp (D:5)
  A worm (D:3)
  2 dart slugs
  5 orcs (D:5)
  4 ball pythons
  6 bats
  11 endoplasms
  4 giant cockroaches
  9 goblins
  7 hobgoblins
  9 jackals
  4 kobolds
  2 quokkas
  4 frilled lizards
  3 rats
88 creatures vanquished.

Notes
Turn   | Place    | Note
-------+----------+-------------------------------------------
     0 | D:1      | nicksoapdish the Gargoyle Fighter began the quest for the
                  | Orb.
     0 | D:1      | Reached XP level 1. HP: 14/14 MP: 1/1
    70 | D:1      | Reached XP level 2. HP: 19/19 MP: 2/2
   336 | D:1      | Found a faded altar of an unknown god.
   694 | D:1      | Reached XP level 3. HP: 23/23 MP: 3/3
  1393 | D:2      | Reached XP level 4. HP: 26/29 MP: 4/4
  2195 | D:3      | Found an opulent altar of Gozag.
  2471 | D:3      | Reached XP level 5. HP: 33/33 MP: 5/5
  2493 | D:3      | Found a snail-covered altar of Cheibriados.
  2695 | D:4      | Found the +2 shield of Resistance {rF++ rC++ Will++}
  3285 | D:5      | Entered Level 5 of the Dungeon
  3319 | D:5      | Found a staircase to the Ecumenical Temple.
  3333 | D:5      | Noticed a black bear
  3361 | D:5      | Killed a black bear
  3362 | D:5      | Reached XP level 6. HP: 32/38 MP: 6/6
  3426 | Temple   | Entered the Ecumenical Temple
  3444 | Temple   | Became a worshipper of Qazlal Stormbringer
  3551 | D:5      | Noticed a water moccasin
  3558 | D:5      | Killed a water moccasin
  3559 | D:5      | Reached skill level 5 in Axes
  3559 | D:5      | Reached skill level 5 in Shields
  3559 | D:5      | Reached XP level 7. HP: 37/44 MP: 7/7
  3713 | D:5      | Slain by an ogre

Illustrated notes

Levels and vault maps discovered:
D:1:      dpeg_arrival_tiny_a, layout_loops_corners,
          ebering_ecumenical_altar_mist
D:2:      layout_basic
D:3:      layout_loops_ring, mainiacjoe_overflow_small_starburst,
          cheibriados_altar_1, minmay_misc_feat_diagonals
D:4:      layout_loops_ring
D:5:      layout_gridville, fedhas_altar_fruit_tree,
          minmay_temple_entry_stoned_glass, uniq_eustachio
Temple:   jpeg_temple_clearing

Skill      XL: |  1  2  3  4  5  6 |
---------------+-------------------+-----
Axes           | 2 3 4 5 |  5.4
Shields        | 4 5 |  5.3
Fighting       | 4 |  4.7
Armour         | 4 |  4.0

Action                   |  1- 3 |  4- 6 |  7- 9 || total
-------------------------+-------+-------+-------++-------
Melee: War axe           |    99 |   147 |    40 ||   286
  Use: Scroll            |       |     4 |       ||     4
       Potion            |       |     1 |       ||     1
Armor: Scale mail        |    61 |       |       ||    61
       Leather armour    |       |    54 |    12 ||    66
Dodge: Dodged            |    40 |    78 |    11 ||   129
Block: Kite shield       |    68 |   103 |    36 ||   207
